General information
- name: BNet
- type: Ladder team game (AT/RT)
- host: Battle.net
- saver: johnnywalker24
map: TwilightRuins
- players: 8
- length: 45:53
- speed: Fast
- version: 1.27 W3XP
- replay type: Public
» download(245 KB)
Players
team 1 (winner)
xalex (
red | 67 APM | 1495 actions | 22:18)
5 Blademaster
2 Wind Walk
3 Critical Strike
3 Shadow Hunter
1 Hex
2 Healing Wave
» actions
| Assign group hotkey | 22 | |
| Basic commands | 8 | |
| Build / train | 63 | |
| ESC pressed | 2 | |
| Enter build submenu | 19 | |
| Enter hero's abilities submenu | 8 | |
| Give item / drop item | 1 | |
| Right click | 828 | |
| Select / deselect | 322 | |
| Select group hotkey | 115 | |
| Use ability | 107 | |
1495 total
» units
| Peon | 15 | |
| Grunt | 7 | |
| Raider | 7 | |
| Wind Rider | 3 | |
32 total
» upgrades
| Ensnare | 1 | |
| Berserker Strength | 2 | |
| Melee Weapons | 2 | |
| Pillage | 1 | |
| Armor | 2 | |
8 total
» buildings
| Altar of Storms | 1 | |
| Orc Burrow | 7 | |
| Barracks | 1 | |
| Voodoo Lounge | 2 | |
| Stronghold | 1 | |
| War Mill | 2 | |
| Beastiary | 2 | |
| Great Hall | 2 | |
18 total
» build order
00:04 Altar of Storms
00:18 Orc Burrow
00:40 Barracks
01:32 Orc Burrow
01:34 Orc Burrow
01:53 Voodoo Lounge
01:58 Voodoo Lounge
03:05 Stronghold
03:30 Orc Burrow
04:26 War Mill
04:29 War Mill
05:34 Beastiary
05:35 Beastiary
05:43 Orc Burrow
09:17 Orc Burrow
12:03 Orc Burrow
13:04 Great Hall
15:17 Great Hall
» items
| Healing Salve | 3 | |
| Scroll of Speed | 1 | |
| Circlet of Nobility | 2 | |
| Lesser Clarity Potion | 3 | |
| Dust of Appearance | 1 | |
| Potion of Healing | 1 | |
11 total
johnnywalker24 (
purple | 91 APM | 4196 actions | 45:53)
10 Warden
3 Fan of Knives
3 Blink
1 Spirit of Vengeance
3 Shadow Strike
1 Far Seer
1 Feral Spirit
» actions
| Assign group hotkey | 68 | |
| Basic commands | 89 | |
| Build / train | 138 | |
| ESC pressed | 2 | |
| Enter build submenu | 87 | |
| Enter hero's abilities submenu | 13 | |
| Give item / drop item | 13 | |
| Remove unit from queue | 1 | |
| Right click | 1718 | |
| Select / deselect | 401 | |
| Select group hotkey | 1293 | |
| Use ability | 373 | |
4196 total
» units
| Wisp | 50 | |
| Archer | 6 | |
| Goblin Shredder | 5 | |
| Chimaera | 4 | |
| Hippogryph | 11 | |
76 total
» upgrades
| Strength of the Wild | 3 | |
| Reinforced Hides | 3 | |
| Well Spring | 2 | |
| Nature's Blessing | 1 | |
| Corrosive Breath | 1 | |
| Ultravision | 1 | |
| Strength of the Moon | 3 | |
| Moon Armor | 3 | |
| Reinforced Defenses | 1 | |
| Spiked Barricades | 2 | |
20 total
» buildings
| Altar of Elders | 1 | |
| Moon Well | 21 | |
| Ancient of War | 1 | |
| Tree of Life | 4 | |
| Tree of Ages | 1 | |
| Ancient of Wonders | 1 | |
| Hunter's Hall | 1 | |
| Tree of Eternity | 2 | |
| Ancient of Wind | 3 | |
| Ancient Protector | 22 | |
| Chimaera Roost | 2 | |
| Watch Tower | 26 | |
| War Mill | 1 | |
86 total
» build order
00:08 Altar of Elders
00:18 Moon Well
00:57 Ancient of War
01:33 Moon Well
02:10 Moon Well
03:07 Moon Well
04:15 Tree of Life
04:42 Tree of Ages
05:07 Moon Well
05:38 Ancient of Wonders
06:49 Hunter's Hall
07:16 Tree of Eternity
07:17 Tree of Eternity
07:58 Ancient of Wind
08:15 Ancient Protector
08:16 Ancient Protector
08:17 Ancient Protector
09:12 Ancient Protector
09:13 Ancient Protector
09:14 Ancient Protector
09:50 Chimaera Roost
09:52 Chimaera Roost
10:15 Ancient Protector
10:17 Ancient Protector
10:20 Ancient Protector
11:12 Ancient Protector
11:16 Ancient Protector
12:33 Ancient of Wind
12:36 Ancient of Wind
13:02 Moon Well
13:04 Moon Well
13:06 Moon Well
13:57 Ancient Protector
22:48 Watch Tower
22:49 Watch Tower
22:49 Watch Tower
22:50 Watch Tower
22:51 Watch Tower
22:52 Watch Tower
22:56 Watch Tower
22:57 Watch Tower
22:58 Watch Tower
22:59 Watch Tower
23:00 Watch Tower
23:26 Ancient Protector
23:29 Ancient Protector
23:32 Ancient Protector
23:59 Watch Tower
24:29 Ancient Protector
24:30 Ancient Protector
24:34 Ancient Protector
24:39 Ancient Protector
25:13 Watch Tower
25:13 Watch Tower
25:15 Watch Tower
25:16 Watch Tower
25:18 Watch Tower
25:19 Watch Tower
25:20 Watch Tower
25:22 Watch Tower
25:23 Watch Tower
26:55 Moon Well
26:56 Moon Well
26:57 Moon Well
26:58 Moon Well
26:59 Moon Well
28:05 Moon Well
28:06 Moon Well
28:07 Moon Well
28:09 Moon Well
28:10 Moon Well
28:12 Moon Well
28:14 Moon Well
28:46 Moon Well
29:53 War Mill
33:25 Tree of Life
33:27 Tree of Life
33:30 Tree of Life
37:03 Ancient Protector
37:05 Ancient Protector
37:06 Ancient Protector
40:33 Watch Tower
40:34 Watch Tower
40:36 Watch Tower
40:41 Watch Tower
40:48 Watch Tower
» items
| Boots of Speed | 1 | |
| Staff of Teleportation | 1 | |
| Potion of Invisibility | 6 | |
| Pendant of Energy | 1 | |
| Ring of Regeneration | 1 | |
| Scroll of Town Portal | 1 | |
11 total
lThaxXJok3rl (
teal | 30 APM | 511 actions | 16:58)
3 Far Seer
1 Feral Spirit
2 Chain Lighting
1 Blademaster
1 Wind Walk
» actions
| Build / train | 46 | |
| ESC pressed | 2 | |
| Enter build submenu | 24 | |
| Enter hero's abilities submenu | 5 | |
| Remove unit from queue | 4 | |
| Right click | 205 | |
| Select / deselect | 185 | |
| Use ability | 40 | |
511 total
» units
| Peon | 7 | |
| Troll Headhunter/Berserker | 13 | |
| Shaman | 6 | |
26 total
» upgrades
| Ranged Weapons | 1 | |
| Armor | 1 | |
| Shaman Training | 2 | |
| Troll Regeneration | 1 | |
5 total
» buildings
| Altar of Storms | 1 | |
| Orc Burrow | 6 | |
| Barracks | 2 | |
| War Mill | 2 | |
| Stronghold | 1 | |
| Watch Tower | 5 | |
| Voodoo Lounge | 1 | |
| Spirit Lodge | 2 | |
| Great Hall | 1 | |
| Fortress | 1 | |
22 total
» build order
00:07 Altar of Storms
00:11 Orc Burrow
00:14 Orc Burrow
01:17 Barracks
01:39 War Mill
02:30 Orc Burrow
04:35 Stronghold
05:37 Barracks
05:43 Watch Tower
06:48 Voodoo Lounge
06:56 Watch Tower
07:03 Spirit Lodge
08:11 Spirit Lodge
08:59 Orc Burrow
09:06 Orc Burrow
09:46 Great Hall
11:38 Fortress
11:51 Watch Tower
11:58 Watch Tower
12:17 Watch Tower
13:04 War Mill
13:29 Orc Burrow
» items
| Potion of Greater Healing | 1 | |
| Mantle of Intelligence +3 | 1 | |
| Slippers of Agility +3 | 1 | |
3 total

»
lemoncheddar (
orange | 26 APM | 750 actions | 29:24)
5 Demon Hunter
3 Immolation
2 Evasion
3 Warden
2 Shadow Strike
1 Blink
» actions
| Assign group hotkey | 27 | |
| Build / train | 81 | |
| Enter build submenu | 26 | |
| Enter hero's abilities submenu | 8 | |
| Right click | 150 | |
| Select / deselect | 315 | |
| Select group hotkey | 102 | |
| Use ability | 41 | |
750 total
» units
| Wisp | 21 | |
| Archer | 3 | |
| Huntress | 10 | |
| Hippogryph | 16 | |
| Chimaera | 11 | |
61 total
» upgrades
| Strength of the Wild | 3 | |
| Corrosive Breath | 1 | |
| Reinforced Hides | 3 | |
7 total
» buildings
| Altar of Elders | 1 | |
| Moon Well | 9 | |
| Ancient of War | 1 | |
| Hunter's Hall | 1 | |
| Ancient of Wonders | 1 | |
| Tree of Ages | 1 | |
| Ancient of Wind | 2 | |
| Tree of Life | 1 | |
| Ancient Protector | 5 | |
| Tree of Eternity | 1 | |
| Chimaera Roost | 3 | |
26 total
» build order
00:10 Altar of Elders
00:15 Moon Well
00:24 Ancient of War
01:43 Moon Well
02:28 Hunter's Hall
02:44 Moon Well
03:42 Ancient of Wonders
03:54 Tree of Ages
04:47 Moon Well
06:22 Ancient of Wind
07:11 Tree of Life
07:16 Ancient Protector
07:21 Ancient Protector
07:51 Tree of Eternity
08:32 Moon Well
10:55 Chimaera Roost
10:59 Chimaera Roost
11:38 Chimaera Roost
14:58 Moon Well
17:06 Moon Well
17:07 Moon Well
19:47 Moon Well
23:23 Ancient of Wind
28:05 Ancient Protector
28:09 Ancient Protector
28:13 Ancient Protector
» items
team 2 (loser)

»
Laser-Lightning (
blue | 33 APM | 1527 actions | 45:51)
8 Keeper of the Grove
3 Entangling Roots
2 Thorns Aura
1 Tranquility
2 Force of Nature
» actions
| Assign group hotkey | 33 | |
| Basic commands | 128 | |
| Build / train | 93 | |
| ESC pressed | 2 | |
| Enter build submenu | 26 | |
| Enter hero's abilities submenu | 8 | |
| Give item / drop item | 3 | |
| Right click | 431 | |
| Select / deselect | 280 | |
| Select group hotkey | 407 | |
| Use ability | 116 | |
1527 total
» units
| Wisp | 24 | |
| Huntress | 5 | |
| Druid of the Talon | 15 | |
| Chimaera | 11 | |
| Hippogryph | 1 | |
56 total
» upgrades
| Strength of the Wild | 3 | |
| Reinforced Hides | 3 | |
| Sentinel | 1 | |
| Well Spring | 1 | |
| Nature's Blessing | 1 | |
| Druid of the Talon Training | 2 | |
| Corrosive Breath | 1 | |
| Mark of the Talon | 1 | |
13 total
» buildings
| Altar of Elders | 1 | |
| Hunter's Hall | 1 | |
| Moon Well | 8 | |
| Ancient of War | 1 | |
| Ancient Protector | 5 | |
| Tree of Ages | 1 | |
| Ancient of Wonders | 1 | |
| Tree of Eternity | 1 | |
| Ancient of Wind | 1 | |
| Tree of Life | 3 | |
| Chimaera Roost | 2 | |
25 total
» build order
00:19 Altar of Elders
01:24 Hunter's Hall
02:06 Moon Well
02:32 Ancient of War
02:53 Ancient Protector
03:11 Moon Well
03:42 Moon Well
03:58 Moon Well
04:50 Tree of Ages
05:23 Ancient Protector
05:27 Moon Well
06:21 Ancient of Wonders
07:14 Tree of Eternity
07:18 Ancient of Wind
08:41 Moon Well
10:33 Tree of Life
10:39 Moon Well
13:12 Chimaera Roost
13:59 Ancient Protector
14:15 Moon Well
15:06 Chimaera Roost
16:36 Ancient Protector
20:39 Ancient Protector
22:54 Tree of Life
37:23 Tree of Life
» items
| Potion of Mana | 3 | |
| Potion of Healing | 4 | |
| Orb of Corruption | 1 | |
| Lesser Clarity Potion | 2 | |
| Scroll of Town Portal | 2 | |
12 total
natesilver538 (
pink | 49 APM | 2224 actions | 45:51)
7 Blademaster
3 Wind Walk
3 Critical Strike
1 Bladestorm
» actions
| Assign group hotkey | 74 | |
| Basic commands | 199 | |
| Build / train | 104 | |
| Enter build submenu | 60 | |
| Enter hero's abilities submenu | 7 | |
| Give item / drop item | 9 | |
| Remove unit from queue | 2 | |
| Right click | 897 | |
| Select / deselect | 427 | |
| Select group hotkey | 247 | |
| Use ability | 198 | |
2224 total
» units
| Peon | 8 | |
| Grunt | 6 | |
| Goblin Shredder | 1 | |
| Goblin Sapper | 16 | |
| Troll Batrider | 6 | |
| Wind Rider | 7 | |
| Goblin Zeppelin | 3 | |
47 total
» upgrades
| Reinforced Defenses | 1 | |
| Ranged Weapons | 3 | |
| Armor | 3 | |
| Envenomed Spears | 1 | |
| Liquid Fire | 1 | |
| Ensnare | 1 | |
| Pillage | 1 | |
| Melee Weapons | 2 | |
| Troll Regeneration | 1 | |
| Spiked Barricades | 1 | |
15 total
» buildings
| Orc Burrow | 10 | |
| Altar of Storms | 1 | |
| Barracks | 1 | |
| Voodoo Lounge | 1 | |
| Stronghold | 1 | |
| Great Hall | 2 | |
| War Mill | 2 | |
| Watch Tower | 50 | |
| Fortress | 1 | |
| Beastiary | 4 | |
73 total
» build order
00:12 Orc Burrow
00:51 Altar of Storms
00:52 Barracks
01:04 Orc Burrow
01:45 Voodoo Lounge
02:59 Stronghold
04:21 Great Hall
04:44 Orc Burrow
04:50 War Mill
06:03 Watch Tower
06:04 Watch Tower
06:27 Fortress
07:02 Watch Tower
07:03 Watch Tower
07:03 Watch Tower
07:04 Watch Tower
07:22 Watch Tower
07:24 Watch Tower
07:39 Watch Tower
08:22 Watch Tower
08:24 Watch Tower
08:24 Watch Tower
09:49 Watch Tower
09:50 Watch Tower
11:25 Watch Tower
11:25 Watch Tower
11:29 Watch Tower
11:30 Watch Tower
12:09 Orc Burrow
13:11 War Mill
14:36 Watch Tower
14:37 Watch Tower
14:40 Watch Tower
14:43 Watch Tower
14:46 Watch Tower
15:10 Watch Tower
15:11 Watch Tower
15:40 Beastiary
15:41 Beastiary
15:44 Watch Tower
15:47 Watch Tower
15:50 Watch Tower
15:52 Watch Tower
15:55 Watch Tower
18:27 Beastiary
18:27 Beastiary
18:29 Watch Tower
18:29 Watch Tower
18:30 Watch Tower
18:30 Watch Tower
18:31 Watch Tower
18:31 Watch Tower
18:32 Watch Tower
18:32 Watch Tower
24:40 Orc Burrow
24:40 Orc Burrow
24:42 Orc Burrow
24:44 Orc Burrow
24:46 Orc Burrow
25:19 Great Hall
25:22 Watch Tower
25:23 Watch Tower
25:23 Watch Tower
25:24 Watch Tower
25:26 Watch Tower
25:26 Watch Tower
25:27 Watch Tower
25:27 Watch Tower
25:28 Watch Tower
25:29 Watch Tower
25:29 Watch Tower
25:30 Watch Tower
27:00 Orc Burrow
» items
| Healing Salve | 5 | |
| Lesser Clarity Potion | 3 | |
| Gloves of Haste | 1 | |
| Sentry Wards | 2 | |
| Orb of Lightning | 1 | |
| Scroll of Town Portal | 4 | |
| Potion of Healing | 4 | |
| Potion of Mana | 3 | |
| Pendant of Energy | 1 | |
| Potion of Invulnerability | 1 | |
| Periapt of Vitality | 1 | |
| Staff of Teleportation | 1 | |
| Scroll of Healing | 2 | |
| Orb of Corruption | 1 | |
30 total
deplorable (
green | 43 APM | 1971 actions | 45:51)
7 Dreadlord
3 Sleep
3 Vampiric Aura
1 Inferno
6 Death Knight
2 Death Coil
3 Unholy Aura
1 Animate Dead
» actions
| Assign group hotkey | 21 | |
| Basic commands | 43 | |
| Build / train | 115 | |
| Enter build submenu | 33 | |
| Enter hero's abilities submenu | 14 | |
| Give item / drop item | 7 | |
| Remove unit from queue | 1 | |
| Right click | 711 | |
| Select / deselect | 416 | |
| Select group hotkey | 509 | |
| Use ability | 101 | |
1971 total
» units
| Acolyte | 17 | |
| Ghoul | 24 | |
| Gargoyle | 11 | |
| Abomination | 3 | |
55 total
» upgrades
| Cannibalize | 1 | |
| Unholy Strength | 3 | |
| Unholy Armor | 3 | |
| Ghoul Frenzy | 1 | |
| Disease Cloud | 1 | |
| Creature Attack | 3 | |
| Creature Carapace | 4 | |
16 total
» buildings
| Crypt | 3 | |
| Ziggurat | 14 | |
| Altar of Darkness | 1 | |
| Graveyard | 1 | |
| Spirit Tower | 8 | |
| Necropolis | 2 | |
| Halls of the Dead | 3 | |
| Tomb of Relics | 1 | |
| Black Citadel | 1 | |
| Sacrificial Pit | 1 | |
| Slaughterhouse | 1 | |
| Nerubian Tower | 2 | |
38 total
» build order
00:02 Crypt
00:03 Ziggurat
00:40 Altar of Darkness
01:01 Ziggurat
03:57 Graveyard
05:32 Ziggurat
05:32 Ziggurat
05:33 Ziggurat
05:42 Ziggurat
07:28 Spirit Tower
07:30 Ziggurat
07:39 Necropolis
07:58 Halls of the Dead
08:59 Tomb of Relics
09:02 Crypt
09:08 Spirit Tower
10:36 Black Citadel
10:48 Spirit Tower
10:57 Sacrificial Pit
14:03 Slaughterhouse
16:56 Crypt
18:22 Ziggurat
18:25 Ziggurat
19:06 Nerubian Tower
19:10 Ziggurat
19:37 Spirit Tower
22:50 Ziggurat
24:55 Necropolis
24:58 Ziggurat
25:03 Ziggurat
25:46 Spirit Tower
25:48 Nerubian Tower
25:52 Spirit Tower
25:55 Ziggurat
25:58 Spirit Tower
27:30 Halls of the Dead
27:31 Spirit Tower
» items
| Scroll of Town Portal | 6 | |
| Rod of Necromancy | 3 | |
| Sacrificial Skull | 1 | |
| Orb of Corruption | 1 | |
| Dust of Appearance | 1 | |
12 total
ClanToke (
yellow | 41 APM | 1573 actions | 38:08)
6 Death Knight
3 Death Coil
3 Unholy Aura
5 Lich
3 Frost Nova
2 Frost Armor
» actions
| Assign group hotkey | 21 | |
| Basic commands | 7 | |
| Build / train | 74 | |
| Enter build submenu | 29 | |
| Enter hero's abilities submenu | 11 | |
| Give item / drop item | 5 | |
| Remove unit from queue | 4 | |
| Right click | 757 | |
| Select / deselect | 215 | |
| Select group hotkey | 355 | |
| Use ability | 95 | |
1573 total
» units
| Acolyte | 12 | |
| Ghoul | 5 | |
| Frost Wyrm | 8 | |
25 total
» upgrades
| Creature Attack | 2 | |
| Creature Carapace | 2 | |
| Freezing Breath | 1 | |
5 total
» buildings
| Halls of the Dead | 1 | |
| Crypt | 1 | |
| Ziggurat | 13 | |
| Altar of Darkness | 1 | |
| Graveyard | 1 | |
| Black Citadel | 1 | |
| Tomb of Relics | 2 | |
| Sacrificial Pit | 1 | |
| Boneyard | 4 | |
| Necropolis | 1 | |
| Spirit Tower | 1 | |
| Nerubian Tower | 1 | |
28 total
» build order
00:38 Halls of the Dead
00:47 Crypt
00:56 Ziggurat
01:50 Altar of Darkness
02:20 Ziggurat
03:10 Graveyard
03:17 Ziggurat
03:19 Ziggurat
03:56 Black Citadel
04:00 Tomb of Relics
04:27 Sacrificial Pit
07:37 Boneyard
07:41 Boneyard
07:46 Boneyard
07:49 Boneyard
07:54 Ziggurat
08:04 Ziggurat
08:08 Ziggurat
09:23 Necropolis
09:27 Spirit Tower
09:30 Nerubian Tower
14:47 Ziggurat
14:50 Ziggurat
18:13 Ziggurat
18:16 Tomb of Relics
23:56 Ziggurat
24:02 Ziggurat
30:48 Ziggurat
» items
| Orb of Corruption | 2 | |
| Gloves of Haste | 1 | |
| Ring of Protection +3 | 1 | |
| Potion of Greater Mana | 1 | |
| Scroll of Town Portal | 2 | |
| Potion of Healing | 2 | |
| Potion of Invulnerability | 1 | |
| Scroll of Protection | 1 | |
| Scroll of Healing | 1 | |
| Potion of Lesser Invulnerability | 1 | |
| Boots of Speed | 1 | |
14 total
Chat log
(01:17 / All) natesilver538: my president is white
(01:19 / All) natesilver538: we president now
(01:31 / All) natesilver538: Day of the rope soon
(01:51 / All) Laser-Lightning: yea i voted for trump
(01:54 / All) Laser-Lightning: glad he won
(01:54 / All) deplorable: yay
(02:01 / All) natesilver538: nigs are attacking white people now
(02:07 / All) natesilver538: sharing their vibrant diversity
(02:09 / All) deplorable: would have preferred christie or rubio but whatever
(02:11 / All) Laser-Lightning: fuck them
(02:15 / All) Laser-Lightning: sick of that shit
(02:28 / All) deplorable: oh no didn't you hear? black people can't be racist
(02:29 / All) natesilver538: why would you prefer rubio lolll
(02:34 / All) deplorable: that's what SJW say
(02:45 / All) johnnywalker24: Rubio is just microsoft lol
(02:52 / All) johnnywalker24: and mosanto
(02:55 / All) natesilver538: rubio was saying don't celebrate DNC corruption being leaked could happen to "us" lol
(03:21 / All) natesilver538: what is wrong with peopl
(03:37 / All) natesilver538: retard
(07:34 / Allies) xalex: hit?
(07:38 / Allies) lemoncheddar: y
(07:49 / Allies) xalex: aight
(08:00 / Allies) lemoncheddar: where
(11:08 / All) xalex: im proud of u
(11:53 / All) natesilver538: BYE
(11:58 / All) xalex: hehe
(12:38 / Allies) xalex: okay hit pink
(13:13 / Allies) xalex: or nah..?
(13:34 / Allies) lemoncheddar: k
(14:01 / All) natesilver538: red mhs I'm n90
(14:05 / All) natesilver538: 90% sure
(14:10 / All) xalex: lol
(14:20 / All) deplorable: duh watch replay what he did to me at creep
(14:33 / All) ClanToke: that why he hit me
(14:40 / All) ClanToke: middle base LOL
(15:09 / All) ClanToke: hack a game from 2002 is sad
(15:23 / Allies) xalex: so no hit?
(15:28 / Allies) lemoncheddar: ya let's go
(15:42 / Allies) xalex: why uyou creeping??!?!
(15:48 / Allies) xalex: \TEAL
(15:53 / Allies) xalex: you fn idiot
(16:02 / All) deplorable: at least learn to play
(16:07 / All) ClanToke: lol
(16:58 / All) natesilver538: zzz
(18:16 / Allies) xalex: its gg
(18:56 / All) natesilver538: lawl
(19:23 / All) johnnywalker24: I love the market places on this map
(19:26 / All) johnnywalker24: sweet items so easily
(19:35 / All) ClanToke: ikr
(21:13 / All) natesilver538: how it is you're 10-5 4v4 and 2-0 solo red
(21:27 / All) xalex: i get losses from leavers
(21:38 / All) xalex: But have also lost just playing aloof too
(22:20 / All) natesilver538: smart
(22:21 / All) johnnywalker24: wow
(22:27 / All) johnnywalker24: that warden went down faster than I could even click tp
(22:30 / All) ClanToke: Wow!
(22:33 / All) ClanToke: SHAM WOW
(22:42 / All) natesilver538: that retard orange didn't even scout my basel ol
(22:50 / All) natesilver538: not in 1 million years could he do shit to me
(23:47 / All) lemoncheddar: welp
(26:43 / Allies) johnnywalker24: b
(32:43 / All) johnnywalker24: raped
(33:21 / All) ClanToke: pink has 3700 gold
(33:23 / All) ClanToke: fuck me
(33:33 / All) johnnywalker24: I have 5k
(33:45 / All) johnnywalker24: and I'm gonna 1v4 you scrubs
(34:00 / All) ClanToke: bs we have a tker retard player on our team
(34:08 / All) johnnywalker24: I won this fair and square
(34:10 / All) johnnywalker24: 1v4 noob
(34:14 / All) ClanToke: LMAO
(34:15 / All) johnnywalker24: 13-19 now
(34:18 / All) ClanToke: w.e u say man
(34:25 / All) ClanToke: who cares LOL
(34:25 / All) natesilver538: I had noob allies
(34:27 / All) natesilver538: not fair
(34:28 / All) ClanToke: u think i gaf
(34:28 / All) natesilver538: green was tk
(34:31 / All) ClanToke: listen to this kid
(34:32 / All) johnnywalker24: Noobs like yellow
(34:34 / All) ClanToke: chekcing record
(34:35 / All) johnnywalker24: easily raped
(34:35 / All) ClanToke: LMAO
(34:44 / All) ClanToke: u arent good dude lol
(34:48 / All) ClanToke: u mass hipps
(34:52 / All) ClanToke: and pink gets nothing
(35:00 / All) johnnywalker24: worked against you didn't it noobie?
(35:14 / All) ClanToke: i beat ur whole fuckin team
(35:19 / All) johnnywalker24: Not me
(35:19 / All) ClanToke: u held out at last
(35:20 / All) johnnywalker24: I beat you
(35:23 / All) ClanToke: ill find u a cookie
(35:25 / All) ClanToke: LMAO
(35:26 / All) johnnywalker24: you're more in denial than liberals about trump! LOL!
(35:32 / All) ClanToke: dude i hope it hel[ps u sleep at nighgt
(35:36 / All) ClanToke: fuckin 4s loser
(35:39 / All) ClanToke: stfu l;ol
(35:42 / All) johnnywalker24: I rape you any day yellow
(35:43 / All) ClanToke: ur a joke dude
(35:47 / All) johnnywalker24: You got fucked dude
(35:49 / All) ClanToke: ur a joke
(35:50 / All) johnnywalker24: I think you're the joke
(35:53 / All) johnnywalker24: I'm laughing at you
(35:56 / All) ClanToke: keep talking like ur good in a 4s
(35:59 / All) ClanToke: fuckin loser
(36:02 / All) ClanToke: pathetic
(36:05 / All) johnnywalker24: I am a god in 4s
(36:06 / All) ClanToke: at least get some goddamn balls
(36:10 / All) ClanToke: LMAO
(36:12 / All) ClanToke: LMAO
(36:13 / All) johnnywalker24: I beat anyone, any game
(36:14 / All) ClanToke: LMAO
(36:15 / All) johnnywalker24: any time, anywhere
(36:17 / All) ClanToke: SQUELCHED
(36:20 / All) natesilver538: he raped this whole team
(36:39 / All) ClanToke: anyone calls themself a god i squelch
(36:43 / All) natesilver538: purple's chances to win are as less than the cubs
(36:45 / All) ClanToke: get a fuckin grip kid ur a joke pathetic fuck
(36:55 / All) natesilver538: take it from me I'm nate silver
(36:59 / All) johnnywalker24: Yellow is just mad I won
(37:02 / All) natesilver538: accurate predictor
(37:08 / All) natesilver538: trump has no chance to win nomination
(37:40 / All) natesilver538: Spoiler: we gon' lose
(38:00 / All) natesilver538: look who's talkin
(38:11 / All) natesilver538: 13-18 lol
(38:37 / All) johnnywalker24: out blue
(38:40 / All) johnnywalker24: Easy 1v4
(38:50 / All) johnnywalker24: You got a loss from me, just accept it
(38:53 / All) Laser-Lightning: well pink has been attacking me....
(38:57 / All) Laser-Lightning: not sure what is up
(38:59 / All) johnnywalker24: I beat you fair and square, no excuses
(39:00 / All) Laser-Lightning: oh well
(39:06 / All) Laser-Lightning: fine
(39:09 / All) Laser-Lightning: gg i suppose
(39:18 / All) natesilver538: was a good competitive game
(39:20 / All) natesilver538: and fair
(39:21 / All) johnnywalker24: good game noob
(39:25 / All) johnnywalker24: Easy win for me
(39:28 / All) johnnywalker24: another win on my record
(39:42 / All) natesilver538: purple owned us all fair and square
(41:33 / All) johnnywalker24: brb gotta piss
(41:35 / All) natesilver538: kill plez
(41:39 / All) natesilver538: finish green
(43:16 / All) Laser-Lightning: purple youre so good you killed my buildings without attacking them
(43:20 / All) Laser-Lightning: nice job
(43:33 / All) natesilver538: he's the best, incredible
(43:38 / All) natesilver538: better than grubby
(43:52 / All) johnnywalker24: back
(43:57 / All) johnnywalker24: i'll get green
(44:13 / All) johnnywalker24: Yeah
(44:20 / All) johnnywalker24: I can kill your stuff without attacking it, sounds like a point for me
(44:33 / All) johnnywalker24: Not even Grubby can do that, I am truly the king of the orcs
(44:36 / All) johnnywalker24: and I am a night elf
(45:00 / All) natesilver538: I wish I didn't have noob allies on my team
(45:03 / All) natesilver538: like blue and green
(45:11 / All) Laser-Lightning: yea sorry
(45:12 / All) natesilver538: they're even worse than yellow who is a major noob
(45:15 / All) johnnywalker24: sadly you can't get players like me on your team every game, you gotta deal with noobs
(45:15 / All) Laser-Lightning: ill try to do better
(45:17 / All) natesilver538: so it wasn't even fair
(45:36 / All) johnnywalker24: If players like blue didn't exist I would have nobody to look so good next to
(45:38 / All) johnnywalker24: and no one to 1v4
(45:44 / All) Laser-Lightning: surprised yellow didnt do better though
(45:45 / All) natesilver538: we could have won this game BIG LEAGUE if I didn't have a bunch of pathetic newbies to carry